 Dungeon Crawl Stone Soup version 0.26.1-2-gb8aa6d0 (webtiles) character file.

Game seed: 5060338954102043922

193358 GeorgeSoros the Fighter (level 18, -1/146 HPs)
             Began as a Gnoll Wanderer on Feb 18, 2021.
             Was the Champion of Makhleb.
             Slain by a large abomination (25 damage)
             ... on level 3 of the Abyss on Feb 19, 2021.
             The game lasted 02:10:39 (34936 turns).

GeorgeSoros the Fighter (Gnoll Wanderer)           Turns: 34936, Time: 02:10:40

Health: -1/146     AC: 33    Str: 26 (27) XL:     18   Next: 26%
Magic:  23/23      EV: 15    Int: 13 (16) God:    Makhleb [******]
Gold:   1514       SH: 12    Dex: 14      Spells: 28/41 levels left

rFire    + . .     SeeInvis .   b - +10 lance "Wyrmbane" {slay drac, rPois rF+ rC+ AC+3}
rCold    + + .     Faith    .   r - +0 buckler
rNeg     + . .     Spirit   .   i - +5 chain mail
rPois    +         Reflect  +   z - +1 helmet
rElec    .         Harm     .   S - +1 cloak {Will+}
rCorr    .         Rampage  .   a - +1 pair of gloves {Str+3}
Will     ++...                  K - +0 pair of boots
Stlth    ++........             V - amulet of reflection
HPRegen  0.00/turn              E - +4 ring of slaying
MPRegen  0.18/turn              Q - ring "Zuaho" {rC+ rN+ AC+4}

@: lethally poisoned (-1 -> -2), berserk cooldown
A: distributed training, fangs 1, agile 1, [blurry vision 3], [clumsy 1],
[deterioration 2], low mp 1[+2], inhibited regeneration, strong 1, evolution 1,
[subdued magic 2], strong nose
}: 1/15 runes: decaying
a: Renounce Religion, Minor Destruction, Lesser Servant of Makhleb, Major
Destruction, Greater Servant of Makhleb


You were on level 3 of the Abyss.
You worshipped Makhleb.
Makhleb was exalted by your worship.
You visited 5 branches of the dungeon, and saw 29 of its levels.
You visited the Abyss 1 time.
You also visited: Sewer, Bailey and Gauntlet.

You collected 3704 gold pieces.
You spent 2190 gold pieces at shops.

Inventory:

Hand Weapons
 b - the +10 lance "Wyrmbane" (weapon) {slay drac, rPois rF+ rC+ AC+3}
   (You bought it in a shop on level 2 of the Orcish Mines)

   It affects your AC (+3).
   It protects you from fire.
   It protects you from cold.
   It protects you from poison.
 L - the +10 hand axe of Annihilation {holy, Stlth+}
   (You found it on level 1 of the Snake Pit)

   It has been blessed by the Shining One to cause great damage to the undead
   and demons.
   It makes you more stealthy.
 Z - the +1 short sword of Midnight {drain, Int+8}
   (You found it on level 3 of the Lair of Beasts)

   A truly terrible weapon, it drains the life of those it strikes.
   It affects your intelligence (+8).
Armour
 a - a +1 pair of gloves of strength (worn)
 i - a +5 chain mail (worn)
 r - a +0 buckler (worn)
 z - a +1 helmet (worn)
 K - a +0 pair of boots (worn)
 S - a +1 cloak of willpower (worn)
Jewellery
 c - an uncursed ring of wizardry
 f - an uncursed ring of poison resistance
 B - an uncursed amulet of the acrobat
 E - a +4 ring of slaying (left hand)
 M - an uncursed ring of see invisible
 Q - the ring "Zuaho" (right hand) {rC+ rN+ AC+4}
   (You found it in a Gauntlet)

   [ring of protection]

   It affects your AC (+4).
   It protects you from cold.
   It protects you from negative energy.
 V - an amulet of reflection (around neck)
Wands
 m - a wand of digging (16)
 w - a wand of polymorph (23)
 C - a wand of iceblast (13)
 F - a wand of disintegration (11)
 I - a wand of paralysis (24)
 P - a wand of acid (26)
Scrolls
 g - 17 scrolls of teleportation
 l - 19 scrolls of remove curse
 n - 7 scrolls of fear
 o - 11 scrolls of enchant armour
 p - 3 scrolls of fog
 q - 3 scrolls of holy word
 x - 6 scrolls of enchant weapon
 y - 2 scrolls of immolation
 D - a scroll of amnesia
 G - 9 scrolls of magic mapping
 N - 2 scrolls of summoning
 O - a scroll of silence
 T - a scroll of acquirement
 W - 14 scrolls of identify
Potions
 d - 10 potions of curing
 e - 7 potions of mutation
 h - a potion of might
 j - 8 potions of lignification
 k - 9 potions of magic
 s - a potion of ambrosia
 u - 2 potions of brilliance
 v - 5 potions of flight
 H - 4 potions of invisibility
 J - 2 potions of haste
Miscellaneous
 A - a lightning rod (4/4)
 X - a box of beasts
 Y - a condenser vane


   Skills:
 + Level 14.2 Fighting
 + Level 12.0 Short Blades
 + Level 12.8 Long Blades
 + Level 12.0 Axes
 + Level 12.8 Maces & Flails
 + Level 12.0 Polearms
 + Level 12.0 Staves
 + Level 12.0 Slings
 + Level 12.0 Bows
 + Level 12.0 Crossbows
 + Level 12.3 Throwing
 + Level 12.0 Armour
 + Level 12.0 Dodging
 + Level 12.0 Stealth
 + Level 12.3 Shields
 + Level 12.0 Unarmed Combat
 + Level 12.0 Spellcasting
 + Level 10.3 Conjurations
 + Level 10.3 Hexes
 + Level 10.3 Summonings
 + Level 10.3 Necromancy
 + Level 10.3 Translocations
 + Level 10.3 Transmutations
 + Level 10.3 Fire Magic
 + Level 10.3 Ice Magic
 + Level 10.3 Air Magic
 + Level 10.3 Earth Magic
 + Level 10.3 Poison Magic
 + Level 13.0 Invocations
 + Level 12.0 Evocations


You had 28 spell levels left.
You knew the following spells:

 Your Spells              Type           Power        Failure   Level
a - Poisonous Vapours     Pois/Air       42%          1%          2
b - Slow                  Hex            21%          1%          2
c - Mephitic Cloud        Conj/Pois/Air  21%          1%          3
d - Tukima's Dance        Hex            21%          1%          3
e - Ignite Poison         Fire/Tmut/Pois 21%          1%          3

Your spell library contained the following spells:

 Spells                   Type           Power        Failure   Level
 Apportation              Tloc           42%          1%          1
 Beastly Appendage        Tmut           42%          1%          1
 Magic Dart               Conj           84%          1%          1
 Blink                    Tloc           N/A          1%          2
 Call Imp                 Summ           21%          1%          2
 Searing Ray              Conj           42%          1%          2
 Wereblood                Tmut           21%          1%          2
 Confusing Touch          Hex            21%          1%          3
 Conjure Flame            Conj/Fire      21%          1%          3
 Dazzling Flash           Conj/Hex       42%          1%          3
 Gell's Gravitas          Tloc           10%          1%          3
 Lesser Beckoning         Tloc           10%          1%          3
 Portal Projectile        Hex/Tloc       42%          1%          3
 Spider Form              Tmut/Pois      10%          1%          3
 Fulminant Prism          Conj/Hex       10%          3%          4
 Ice Form                 Ice/Tmut       21%          3%          4
 Iskenderun's Mystic Bla  Conj/Tloc      21%          3%          4
 Petrify                  Tmut/Erth      21%          3%          4
 Alistair's Intoxication  Tmut/Pois      14%          11%         5
 Blade Hands              Tmut           10%          11%         5
 Fireball                 Conj/Fire      10%          11%         5
 Metabolic Englaciation   Hex/Ice        10%          11%         5
 Summon Demon             Summ           10%          11%         5
 Summon Forest            Summ/Tloc      10%          11%         5
 Summon Mana Viper        Hex/Summ       21%          11%         5
 Yara's Violent Unravell  Hex/Tmut       10%          11%         5
 Freezing Cloud           Conj/Ice/Air   10%          56%         6
 Invisibility             Hex            21%          56%         6
 Shadow Creatures         Summ           N/A          56%         6
 Starburst                Conj/Fire      10%          56%         6
 Summon Hydra             Summ           10%          99%         7
 Ignition                 Fire           10%          100%        8


Dungeon Overview and Level Annotations

Branches:
Dungeon (15/15)            Temple (0/1) D:7            Lair (6/6) D:11
  Swamp (4/4) Lair:2        Snake (2/4) Lair:4        Slime (0/5) Lair:6
    Orc (2/2) D:11            Elf (0/3) Orc:2        Vaults (0/5) D:14
 Depths (0/5) D:15          Sewer (visited)          Bailey (visited)
Gauntlet (visited)

Altars:
Ashenzari
Dithmenos
Fedhas
Hepliaklqana
Makhleb
Nemelex Xobeh
Qazlal
Ru
Sif Muna
Trog
Vehumet
Wu Jian
Xom
Yredelemnul
Zin
Beogh
Jiyva

Shops:
Orc:1 *   Orc:2 *(:[   Snake:1 }=}!

Portals:
Trove: D:15 (give +6 demon blade)

Annotations:
D:7 3 runed translucent doors, Nagaphobic's ghost, novice BaGl
D:14 2 runed translucent doors, Laowois's ghost, journeyman MiBe
Lair:1 exclusion: downstairs
Lair:2 exclusion: 2 oklob plants
Snake:2 Louise


Innate Abilities, Weirdness & Mutations

Your experience applies equally to all skills.
You have very sharp teeth.
Your uncanny sense of smell can sniff out nearby items.
You are agile. (Dex +2)
You do not regenerate when monsters are visible.
Your muscles are strong. (Str +2)
You evolve.
[Scrolls take you much longer to read.]
[You are clumsy. (Dex -2)]
[Your body often deteriorates upon taking damage.]
[Your magical capacity is extremely low. (-30% MP)]
[Your spells are easier to cast, but less powerful.]


Message History

A neqoxec comes into view.
The neqoxec shouts!
You hit the raiju.
The raiju is lightly wounded.
The raiju barely misses you.
You impale the raiju!!
The raiju is severely wounded.
You block the large abomination's attack.
You barely miss the raiju.
The raiju is severely wounded.
The raiju bursts into living lightning!
The living lightning hits you!
* * * LOW HITPOINT WARNING * * *
The living lightning hits you.
* * * LOW HITPOINT WARNING * * *
The raiju blinks!
The neqoxec gestures at you.
You feel dopey. Something feeds on your intellect!
The large abomination hits you!!
You die...

## . # ...)..# ..
.. # # .≈ .)∆ .#
≈≈.≈#.∆. . ≈≈≈≈..
≈≈3≈..####
..≈≈...§.##
...≈≈..h@§§# #
...≈≈...X†§# .
.#...#..§§§..##.#
# #...#.)##.
##.####..# # # .
#) # ..## ... #
#.#.. # ....## ##
#.. . .


You could see a large abomination, a raiju and a neqoxec.

Vanquished Creatures
  Vashnia (Snake:2)
  the Lernaean hydra (Swamp:4)
  Agnes (Snake:1)
  A thorn hunter (Swamp:2)
  A fenstrider witch (Swamp:3)
  An orc warlord (Orc:2)
  A ghoul (Swamp:2)
  A black draconian (Abyss:3)
  A minotaur (Gauntlet)
  2 bunyips
  A dire elephant (D:15)
  An ettin (Orc:1)
  3 eleionomae
  25 hydras
  4 vault guards (D:14)
  5 naga warriors
  Harold (D:9)
  3 centaur warriors
  4 ghost crabs
  A catoblepas (D:13)
  14 two-headed ogres
  3 anacondas
  Erica (D:9)
  4 death yaks (Lair:6)
  3 ogre magi
  3 tengu warriors
  5 alligators
  3 orc high priests
  7 thrashing horrors (Abyss:3)
  2 shock serpents
  Sonja (D:13)
  2 naga sharpshooters
  4 skeletal warriors (D:15)
  A wretched star (Abyss:3)
  3 large abominations (Abyss:3)
  4 unseen horrors
  23 bog bodies
  7 spriggan druids
  A lindwurm (Lair:6)
  9 swamp dragons
  3 orc knights
  2 ugly things (D:12)
  A mana viper (Snake:1)
  4 cyclopes
  4 manticores
  4 orc sorcerers (Orc:2)
  2 salamanders
  3 deep elf magi
  4 elephants (Gauntlet)
  2 guardian serpents
  13 black mambas
  A guardian serpent (shapeshifter) (D:10)
  4 naga magi
  27 cane toads
  5 rime drakes
  3 centaur skeletons
  3 gargoyles
  A torpor snail (Lair:6)
  Maggie (D:9)
  A minotaur zombie (Gauntlet)
  3 yaktaurs (D:15)
  A hellion (Abyss:3)
  A tengu conjurer (D:14)
  8 komodo dragons
  3 ancient zymes (Abyss:3)
  2 polar bears
  9 trolls
  9 tyrant leeches
  Grinder (Sewer)
  7 hornets
  37 blink frogs
  5 raiju (Abyss:3)
  A meliai zombie (D:14)
  2 vampires
  28 yaks
  2 ynoxinuls (Abyss:3)
  3 redbacks (Gauntlet)
  6 spriggans
  5 humans (D:14)
  2 wraiths
  2 shadows
  5 wyverns
  3 basilisks
  A steam dragon (Lair:5)
  8 vampire mosquitoes
  3 neqoxecs
  A warg (Orc:2)
  11 swamp worms
  13 nagas
  Duvessa (D:7)
  17 water moccasins
  2 ice beasts
  29 orc warriors
  8 swamp drakes
  4 phantoms
  A black bear (D:7)
  2 eyes of draining
  3 sky beasts
  4 necrophages (Swamp:2)
  23 ogres
  15 wolves
  5 centaurs
  Blork the orc (D:4)
  5 big kobolds
  29 bullfrogs
  Dowan (D:7)
  6 scorpions
  7 killer bees
  7 wights
  8 howler monkeys
  6 electric eels
  3 bullfrog zombies
  2 centaur zombies
  3 quasits
  14 orc priests
  24 orc wizards
  6 hounds
  2 jellies
  5 bullfrog skeletons
  Ijyb (D:3)
  Terence (D:2)
  Natasha (twice) (D:2)
  10 worker ants
  A big kobold zombie (Sewer)
  A hound zombie (D:11)
  A hound skeleton (D:8)
  17 gnolls
  A howler monkey skeleton (D:9)
  12 adders
  10 shadow imps
  5 white imps
  6 ufetubi
  An ooze (D:1)
  2 adder zombies
  An adder skeleton (D:4)
  A worm (D:4)
  2 dart slugs
  A leopard gecko (D:7)
  87 orcs
  5 bats
  4 giant cockroaches
  17 hobgoblins
  2 quokkas
  A ball python (Sewer)
  2 frilled lizards
  11 goblins
  A jackal skeleton (D:5)
  44 kobolds
  A leopard gecko zombie (D:7)
  5 rats
928 creatures vanquished.

Vanquished Creatures (collateral kills)
  Jorgrun (Snake:1)
  Aizul (Snake:1)
  A cacodemon (Gauntlet)
  A naga warrior (Snake:1)
  2 naga sharpshooters (Snake:2)
  Nergalle (D:11)
  2 swamp dragons
  A naga ritualist (Snake:1)
  An elephant (Gauntlet)
  A moth of wrath (Gauntlet)
  A torpor snail (Gauntlet)
  2 nagas (Snake:1)
  A swamp worm (Swamp:3)
  3 orc warriors (Orc:2)
  2 wights (Abyss:3)
  An orc (Orc:2)
22 creatures vanquished.

Vanquished Creatures (others)
  A vault guard (D:14)
  An alligator (Swamp:3)
  A swamp dragon (Swamp:1)
  A centaur skeleton (D:15)
  5 bloated husks
  2 humans (D:14)
  A swamp worm (Swamp:1)
  A bat zombie (Sewer)
  A giant cockroach zombie (Sewer)
  A kobold zombie (Sewer)
  40 fungi
  102 plants
157 creatures vanquished.

Grand Total: 1107 creatures vanquished

Notes
Turn   | Place    | Note
-------+----------+-------------------------------------------
     0 | D:1      | GeorgeSoros the Gnoll Wanderer began the quest for the Orb.
     0 | D:1      | GeorgeSoros set off with the following items: a +2 mace, a
                  | +0 ring mail, a +0 falchion
     0 | D:1      | Reached XP level 1. HP: 26/26 MP: 1/1
   244 | D:1      | Reached XP level 2. HP: 30/33 MP: 2/2
   654 | D:1      | Found a hide-covered altar of Uskayaw.
   656 | D:1      | Found a shimmering altar of Xom.
   656 | D:1      | Found a stormy altar of Qazlal.
   662 | D:1      | Found a shimmering altar of Xom.
   662 | D:1      | Found a sacrificial altar of Ru.
   662 | D:1      | Found a shimmering altar of Xom.
   870 | D:2      | Reached XP level 3. HP: 38/38 MP: 3/3
   893 | D:2      | Noticed Terence
   905 | D:2      | Killed Terence
   906 | D:2      | Reached skill level 1 in Invocations
   910 | D:2      | Reached skill level 1 in Short Blades
   910 | D:2      | Reached skill level 1 in Axes
   910 | D:2      | Reached skill level 1 in Polearms
   910 | D:2      | Reached skill level 1 in Staves
   910 | D:2      | Reached skill level 1 in Slings
   910 | D:2      | Reached skill level 1 in Bows
   910 | D:2      | Reached skill level 1 in Crossbows
   910 | D:2      | Reached skill level 1 in Armour
   910 | D:2      | Reached skill level 1 in Dodging
   910 | D:2      | Reached skill level 1 in Stealth
   910 | D:2      | Reached skill level 1 in Unarmed Combat
   910 | D:2      | Reached skill level 1 in Spellcasting
   910 | D:2      | Reached skill level 1 in Evocations
   980 | D:2      | Found a shadowy altar of Dithmenos.
  1031 | D:2      | Noticed Natasha
  1038 | D:2      | Killed Natasha
  1039 | D:2      | Reached XP level 4. HP: 35/45 MP: 5/5
  1283 | D:2      | Reached skill level 1 in Conjurations
  1283 | D:2      | Reached skill level 1 in Hexes
  1283 | D:2      | Reached skill level 1 in Summonings
  1283 | D:2      | Reached skill level 1 in Necromancy
  1283 | D:2      | Reached skill level 1 in Translocations
  1283 | D:2      | Reached skill level 1 in Transmutations
  1283 | D:2      | Reached skill level 1 in Fire Magic
  1283 | D:2      | Reached skill level 1 in Ice Magic
  1283 | D:2      | Reached skill level 1 in Air Magic
  1283 | D:2      | Reached skill level 1 in Earth Magic
  1283 | D:2      | Reached skill level 1 in Poison Magic
  1580 | D:2      | Noticed Natasha
  1584 | D:2      | Killed Natasha
  1585 | D:2      | Reached XP level 5. HP: 47/51 MP: 6/6
  1830 | D:3      | Noticed Ijyb
  1840 | D:3      | Killed Ijyb
  2355 | D:4      | Reached XP level 6. HP: 44/57 MP: 8/8
  2385 | D:4      | Noticed an orc warrior
  2618 | D:4      | Reached skill level 5 in Long Blades
  2618 | D:4      | Reached skill level 5 in Maces & Flails
  2764 | D:4      | Got a smelly leather armour
  2780 | D:4      | Identified the +2 leather armour of Mevawin {MP+9} (You
                  | found it on level 4 of the Dungeon)
  2839 | D:4      | Noticed Blork the orc
  2856 | D:4      | Killed Blork the orc
  2857 | D:4      | Reached XP level 7. HP: 54/63 MP: 10/10
  3330 | D:4      | Found a basalt altar of Yredelemnul.
  3510 | D:4      | Reached skill level 9 in Fighting
  3757 | D:4      | Reached XP level 8. HP: 16/71 MP: 12/12
  4250 | D:4      | Found a glowing silver altar of Zin.
  4333 | D:4      | Found a bloodstained altar of Trog.
  4480 | D:5      | Entered Level 5 of the Dungeon
  4514 | D:5      | Found a glowing drain.
  4522 | Sewer    | Entered a sewer
  4948 | Sewer    | Found a burning altar of Makhleb.
  4954 | Sewer    | Became a worshipper of Makhleb the Destroyer
  4991 | Sewer    | Got a shimmering falchion
  4992 | Sewer    | Identified the +7 falchion "Enesung" {vorpal, Fragile rN++}
                  | (You found it in a sewer)
  5169 | Sewer    | Noticed Grinder
  5178 | Sewer    | Paralysed by Grinder for 4 turns
  5184 | Sewer    | Killed Grinder
  5500 | D:5      | Found a stormy altar of Qazlal.
  5504 | D:5      | Found a blossoming altar of Fedhas.
  5849 | D:5      | Found an ornate altar of the Wu Jian Council.
  6127 | D:6      | Reached * piety under Makhleb
  6299 | D:6      | Found a shimmering blue altar of Sif Muna.
  6630 | D:6      | Found a burning altar of Makhleb.
  6805 | D:7      | Reached XP level 9. HP: 70/76 MP: 14/14
  6880 | D:7      | Found a runed translucent gate.
  6881 | D:7      | Found a runed translucent gate.
  6882 | D:7      | Found a runed translucent gate.
  6883 | D:7      | Noticed Nagaphobic's ghost (novice BaGl)
  7116 | D:7      | Reached skill level 5 in Throwing
  7116 | D:7      | Reached skill level 5 in Shields
  7377 | D:7      | Reached skill level 5 in Invocations
  7385 | D:7      | Reached ** piety under Makhleb
  7568 | D:7      | Found a staircase to the Ecumenical Temple.
  7832 | D:7      | Noticed Duvessa
  7832 | D:7      | Noticed Dowan
  7839 | D:7      | Killed Duvessa
  7842 | D:7      | Killed Dowan
  7894 | D:7      | Reached XP level 10. HP: 85/85 MP: 17/17
  8367 | D:7      | Reached skill level 5 in Short Blades
  8367 | D:7      | Reached skill level 5 in Axes
  8367 | D:7      | Reached skill level 5 in Polearms
  8367 | D:7      | Reached skill level 5 in Staves
  8367 | D:7      | Reached skill level 5 in Slings
  8367 | D:7      | Reached skill level 5 in Bows
  8367 | D:7      | Reached skill level 5 in Crossbows
  8367 | D:7      | Reached skill level 5 in Armour
  8367 | D:7      | Reached skill level 5 in Dodging
  8367 | D:7      | Reached skill level 5 in Stealth
  8367 | D:7      | Reached skill level 5 in Unarmed Combat
  8367 | D:7      | Reached skill level 5 in Spellcasting
  8367 | D:7      | Reached skill level 5 in Evocations
  8628 | D:8      | Got a faintly humming plate armour
  8639 | D:8      | Identified the +7 plate armour "Nankuboa" {Harm rPois rCorr
                  | Str-5} (You found it on level 8 of the Dungeon)
  8728 | D:8      | Noticed a cyclops
  8844 | D:8      | Killed a cyclops
  8845 | D:8      | Reached skill level 10 in Fighting
  8896 | D:8      | Reached *** piety under Makhleb
  8945 | D:8      | Found a radiant altar of Vehumet.
  9253 | D:8      | Found a shadowy altar of Dithmenos.
  9387 | D:9      | Found a broken altar of Ashenzari.
  9472 | D:9      | Found a sparkling altar of Nemelex Xobeh.
  9728 | D:9      | Noticed Erica
  9982 | D:9      | Found a hazy altar of Hepliaklqana.
 10075 | D:9      | Noticed Harold
 10101 | D:9      | Killed Harold
 10225 | D:9      | Killed Erica
 10226 | D:9      | Reached XP level 11. HP: 92/92 MP: 19/19
 10319 | D:9      | Noticed Maggie
 10330 | D:9      | Killed Maggie
 10515 | D:10     | Entered Level 10 of the Dungeon
 10743 | D:10     | Got a crude scimitar
 10744 | D:10     | Identified the +4 scimitar of Xacvamu {vorpal, Dex+2} (You
                  | found it on level 10 of the Dungeon)
 10916 | D:10     | Reached **** piety under Makhleb
 10917 | D:10     | Reached skill level 5 in Conjurations
 10917 | D:10     | Reached skill level 5 in Hexes
 10917 | D:10     | Reached skill level 5 in Summonings
 10917 | D:10     | Reached skill level 5 in Necromancy
 10917 | D:10     | Reached skill level 5 in Translocations
 10917 | D:10     | Reached skill level 5 in Transmutations
 10917 | D:10     | Reached skill level 5 in Fire Magic
 10917 | D:10     | Reached skill level 5 in Ice Magic
 10917 | D:10     | Reached skill level 5 in Air Magic
 10917 | D:10     | Reached skill level 5 in Earth Magic
 10917 | D:10     | Reached skill level 5 in Poison Magic
 11238 | D:11     | Found a gate leading to a gauntlet.
 11375 | Gauntlet | Entered a Gauntlet
 11375 | Gauntlet | Found a transporter.
 11375 | Gauntlet | Found a transporter.
 11375 | Gauntlet | Found a large runed translucent door.
 11375 | Gauntlet | Found a large runed translucent door.
 11375 | Gauntlet | Found a large runed translucent door.
 11375 | Gauntlet | Found a large runed translucent door.
 11375 | Gauntlet | Found a large runed translucent door.
 11375 | Gauntlet | Found a large runed translucent door.
 11375 | Gauntlet | Found a runed translucent door.
 11375 | Gauntlet | Found a runed translucent door.
 11375 | Gauntlet | Found a large runed translucent door.
 11375 | Gauntlet | Found a large runed translucent door.
 11375 | Gauntlet | Found a large runed translucent door.
 11376 | Gauntlet | Found a large runed translucent door.
 11379 | Gauntlet | Found a large runed translucent door.
 11379 | Gauntlet | Found a large runed translucent door.
 11380 | Gauntlet | Found a transporter.
 11384 | Gauntlet | Found a large runed translucent door.
 11384 | Gauntlet | Found a large runed translucent door.
 11385 | Gauntlet | Found a runed translucent gate.
 11385 | Gauntlet | Found a runed translucent gate.
 11387 | Gauntlet | Found a transporter.
 11402 | Gauntlet | Noticed a wretched star
 11403 | Gauntlet | Noticed a moth of wrath
 11410 | Gauntlet | Found a transporter.
 11416 | Gauntlet | Found a transporter.
 11420 | Gauntlet | Found a transporter.
 11425 | Gauntlet | Found a transporter.
 11425 | Gauntlet | Noticed a cacodemon
 11445 | Gauntlet | Noticed a ghost crab
 11450 | Gauntlet | Found a transporter.
 11457 | Gauntlet | Found a transporter.
 11468 | Gauntlet | Found a transporter.
 11478 | Gauntlet | Noticed a queen ant
 11479 | Gauntlet | Found a transporter.
 11513 | Gauntlet | Found a transporter.
 11517 | Gauntlet | Noticed a dire elephant
 11537 | Gauntlet | Found a transporter.
 11613 | Gauntlet | Found a large runed translucent door.
 11613 | Gauntlet | Found a large runed translucent door.
 11614 | Gauntlet | Found a runed translucent gate.
 11631 | Gauntlet | Found a transporter.
 11635 | Gauntlet | Noticed a catoblepas
 11648 | Gauntlet | Found a transporter.
 11804 | Gauntlet | Got a transparent pewter ring
 11806 | Gauntlet | Identified the ring "Zuaho" {rC+ rN+ AC+4} (You found it in
                  | a Gauntlet)
 11992 | Gauntlet | Killed a moth of wrath
 12052 | Gauntlet | Gained mutation: You tend to lose your temper in combat. [a
                  | cacodemon]
 12055 | Gauntlet | Killed a cacodemon
 12066 | Gauntlet | Got a faintly glowing wooden ring
 12071 | Gauntlet | Identified the ring of Nihaigh {*Tele *Slow rPois Int+6}
                  | (You found it in a Gauntlet)
 12208 | Gauntlet | Noticed a minotaur
 12216 | Gauntlet | Killed a minotaur
 12217 | Gauntlet | Reached XP level 12. HP: 99/99 MP: 22/22
 12221 | Gauntlet | Identified Lablolor's Grimoire of Flames and Dislocation
 12270 | D:11     | Lost mutation: You tend to lose your temper in combat.
                  | [potion of mutation]
 12270 | D:11     | Gained mutation: Your muscles are strong. (Str +2) [potion
                  | of mutation]
 12270 | D:11     | Gained mutation: You are robust. (+10% HP) [potion of
                  | mutation]
 12303 | D:11     | Noticed an ogre mage
 12304 | D:11     | Noticed a two-headed ogre
 12304 | D:11     | Noticed a two-headed ogre
 12309 | D:11     | Noticed a two-headed ogre
 12310 | D:11     | Noticed a two-headed ogre
 12326 | D:10     | Killed an ogre mage
 12328 | D:10     | Killed a two-headed ogre
 12560 | D:11     | Killed a two-headed ogre
 12561 | D:11     | Reached skill level 11 in Fighting
 12577 | D:11     | Killed a two-headed ogre
 12583 | D:11     | Killed a two-headed ogre
 13014 | D:11     | Found a staircase to the Orcish Mines.
 13345 | D:11     | Found a staircase to the Lair.
 13382 | D:11     | Noticed Nergalle
 13400 | D:11     | Killed Nergalle
 13573 | Lair:1   | Entered Level 1 of the Lair of Beasts
 14293 | Lair:1   | Noticed a seven-headed hydra
 14304 | Lair:1   | Killed a two-headed hydra
 15070 | Lair:2   | Reached XP level 13. HP: 116/116 MP: 24/24
 15375 | Lair:2   | Found a staircase to the Swamp.
 15939 | Lair:2   | Learned a level 2 spell: Call Imp
 15942 | Lair:2   | Learned a level 2 spell: Slow
 15969 | Lair:2   | Learned a level 3 spell: Mephitic Cloud
 17018 | Lair:3   | Got a transparent short sword
 17019 | Lair:3   | Identified the cursed +1 short sword of Midnight {drain,
                  | Int+8} (You found it on level 3 of the Lair of Beasts)
 17365 | Lair:4   | Found a staircase to the Snake Pit.
 17476 | Lair:4   | Learned a level 2 spell: Poisonous Vapours
 19086 | Lair:6   | Entered Level 6 of the Lair of Beasts
 19206 | Lair:6   | Reached XP level 14. HP: 125/125 MP: 26/26
 19221 | Lair:6   | Reached skill level 12 in Fighting
 19221 | Lair:6   | Reached skill level 10 in Long Blades
 19221 | Lair:6   | Reached skill level 10 in Maces & Flails
 19317 | Lair:6   | Reached ***** piety under Makhleb
 19792 | Lair:6   | Reached skill level 10 in Invocations
 20116 | Lair:6   | Found a viscous altar of Jiyva.
 20116 | Lair:6   | Found a staircase to the Slime Pits.
 20235 | Lair:6   | Learned a level 3 spell: Tukima's Dance
 20827 | Lair:6   | Got a translucent brass ring
 21221 | Orc:1    | Entered Level 1 of the Orcish Mines
 21278 | Orc:1    | Found Refecw's General Store.
 21292 | Orc:1    | Identified the ring of Japtixt {+Inv rC+ Dex+9 Slay-6} (You
                  | found it on level 6 of the Lair of Beasts)
 21325 | Orc:1    | Found a flagged portal.
 21399 | Bailey   | Entered a bailey
 21551 | Bailey   | Reached ****** piety under Makhleb
 21608 | Bailey   | Identified a scroll of acquirement
 21862 | Orc:1    | Found a roughly hewn altar of Beogh.
 22078 | Orc:2    | Entered Level 2 of the Orcish Mines
 22078 | Orc:2    | Found Pekely's Antique Armour Boutique.
 22141 | Orc:2    | Reached skill level 10 in Throwing
 22141 | Orc:2    | Reached skill level 10 in Shields
 22169 | Orc:2    | Found a staircase to the Elven Halls.
 22229 | Orc:1    | Reached XP level 15. HP: 45/134 MP: 28/28
 22584 | Orc:2    | Noticed an orc warlord
 22588 | Orc:2    | Found Bugisoet's General Store.
 22602 | Orc:2    | Killed an orc warlord
 22797 | Orc:2    | Found Ucvev's Antique Weapon Shop.
 22809 | Orc:2    | Bought the +8 lance "Wyrmbane" {slay drac, rPois rF+ rC+
                  | AC+3} for 2100 gold pieces
 22809 | Orc:2    | Found the +8 lance "Wyrmbane" {slay drac, rPois rF+ rC+
                  | AC+3}
 22870 | Orc:2    | Found Umarah's Book Boutique.
 22984 | Orc:2    | Found a roughly hewn altar of Beogh.
 23814 | D:12     | Reached skill level 10 in Short Blades
 23814 | D:12     | Reached skill level 10 in Axes
 23814 | D:12     | Reached skill level 10 in Polearms
 23814 | D:12     | Reached skill level 10 in Staves
 23814 | D:12     | Reached skill level 10 in Slings
 23814 | D:12     | Reached skill level 10 in Bows
 23814 | D:12     | Reached skill level 10 in Crossbows
 23814 | D:12     | Reached skill level 10 in Armour
 23814 | D:12     | Reached skill level 10 in Dodging
 23814 | D:12     | Reached skill level 10 in Stealth
 23814 | D:12     | Reached skill level 10 in Unarmed Combat
 23814 | D:12     | Reached skill level 10 in Spellcasting
 23814 | D:12     | Reached skill level 10 in Evocations
 24784 | D:13     | Noticed Sonja
 24790 | D:13     | Killed Sonja
 25746 | D:14     | Reached skill level 13 in Fighting
 25849 | D:14     | Found a runed translucent door.
 25931 | D:14     | You fall into a shaft and drop 1 floor!
 25931 | D:15     | Entered Level 15 of the Dungeon
 26078 | D:15     | Reached XP level 16. HP: 143/143 MP: 30/30
 26107 | D:15     | Found a staircase to the Depths.
 26874 | D:15     | Found a portal to a secret trove of treasure.
 27243 | D:14     | Found a runed translucent door.
 27248 | D:14     | Noticed a lich
 27248 | D:14     | Noticed a tengu reaver
 27252 | D:14     | Noticed Laowois's ghost (journeyman MiBe)
 27598 | D:14     | Found a gate to the Vaults.
 27981 | Swamp:1  | Entered Level 1 of the Swamp
 28727 | Swamp:2  | Learned a level 3 spell: Ignite Poison
 29469 | Swamp:2  | Noticed a thorn hunter
 29477 | Swamp:2  | Killed a thorn hunter
 29833 | Swamp:3  | Got an ichor-stained rapier
 29834 | Swamp:3  | Identified the +0 rapier of Offence {freeze, *Noise rElec
                  | Will+ Stlth+} (You found it on level 3 of the Swamp)
 30147 | Swamp:3  | Reached XP level 17. HP: 121/150 MP: 32/32
 30322 | Swamp:4  | Entered Level 4 of the Swamp
 32067 | Swamp:4  | Noticed the 27-headed Lernaean hydra
 32159 | Swamp:4  | Killed the 27-headed Lernaean hydra
 32162 | Swamp:4  | Got a decaying rune of Zot
 32644 | Snake:1  | Entered Level 1 of the Snake Pit
 32681 | Snake:1  | Noticed Aizul
 32815 | Snake:1  | Reached skill level 10 in Conjurations
 32815 | Snake:1  | Reached skill level 10 in Hexes
 32815 | Snake:1  | Reached skill level 10 in Summonings
 32815 | Snake:1  | Reached skill level 10 in Necromancy
 32815 | Snake:1  | Reached skill level 10 in Translocations
 32815 | Snake:1  | Reached skill level 10 in Transmutations
 32815 | Snake:1  | Reached skill level 10 in Fire Magic
 32815 | Snake:1  | Reached skill level 10 in Ice Magic
 32815 | Snake:1  | Reached skill level 10 in Air Magic
 32815 | Snake:1  | Reached skill level 10 in Earth Magic
 32815 | Snake:1  | Reached skill level 10 in Poison Magic
 32837 | Snake:1  | Noticed Agnes
 32851 | Snake:1  | HP: 2/151 [Aizul (9)]
 32854 | Snake:1  | Killed Aizul
 32885 | Snake:1  | Killed Agnes
 32886 | Snake:1  | Reached skill level 14 in Fighting
 33183 | Snake:1  | Found Jorchong's Distillery.
 33193 | Snake:1  | Bought a potion of heal wounds for 90 gold pieces
 33282 | Snake:1  | Got a pitted hand axe
 33283 | Snake:1  | Identified the +10 hand axe of Annihilation {holy, Stlth+}
                  | (You found it on level 1 of the Snake Pit)
 33483 | Snake:1  | Noticed Jorgrun
 33502 | Snake:1  | Killed Jorgrun
 34113 | Snake:1  | Found Ymuisecal's Gadget Boutique.
 34115 | Snake:1  | Found Jeiluy's Jewellery Shoppe.
 34116 | Snake:1  | Found Nimorr's Gadget Boutique.
 34370 | Snake:2  | Noticed Vashnia
 34434 | Snake:2  | Killed Vashnia
 34435 | Snake:2  | Reached XP level 18. HP: 123/160 MP: 33/33
 34602 | Snake:2  | Noticed Louise
 34602 | Snake:2  | Cast into level 3 of the Abyss (Louise)
 34796 | Abyss:3  | Gained mutation: You do not regenerate when monsters are
                  | visible. [a neqoxec]
 34800 | Abyss:3  | Gained mutation: [Scrolls take you a little longer to
                  | read.] [a neqoxec]
 34852 | Abyss:3  | HP: 8/160 [thrashing horror (3)]
 34855 | Abyss:3  | Lost mutation: [Scrolls take you a little longer to read.]
                  | [potion of mutation]
 34855 | Abyss:3  | Lost mutation: You are robust. (+10% HP) [potion of
                  | mutation]
 34855 | Abyss:3  | Gained mutation: You evolve. [potion of mutation]
 34855 | Abyss:3  | Gained mutation: [Your magical capacity is low. (-10% MP)]
                  | [potion of mutation]
 34855 | Abyss:3  | Gained mutation: You are agile. (Dex +2) [potion of
                  | mutation]
 34870 | Abyss:3  | HP: 5/146 [thrashing horror (18)]
 34936 | Abyss:3  | Slain by a large abomination

Illustrated notes

Levels and vault maps discovered:
D:1:      eino_arrival_water_cross, layout_loops_ring, doesnt_xom_only_xom
D:2:      layout_loops_ring, grunt_dithmenos_smoke_and_mirrors, uniq_terence,
          uniq_natasha
D:3:      layout_basic, uniq_ijyb
D:4:      layout_loops_cross, kennysheep_mini, nicolae_overflow_hidden_temple,
          general_overflow_altar, hangedman_decor_points,
          minmay_increasing_density, uniq_blork_the_orc
D:5:      layout_cave_pools, grunt_temple_overflow_forces_of_nature,
          lemuel_coloured_pillars_altar, portal_sewer_entry_d, minmay_pentangle
D:6:      layout_basic, lemuel_doored_altar, lemuel_blue_sif_altar
D:7:      kennysheep_windowed_halls, layout_basic,
          minmay_temple_entry_nine_rooms, ebering_ghost_rock_garden,
          st_stairs_1, nicolae_zen_rock_garden, uniq_duvessa
D:8:      layout_rooms, kennysheep_mini_moat, old_standard_altar
D:9:      layout_basic, nemelex_xobeh_ov_fountains_minmay,
          nzn_hepliaklqana_mist_gate, old_standard_altar, serial_aquarium,
          aquarium_bridge_straight [aquarium_subvault_bridge,
          aquarium_subvault_wall, aquarium_subvault_bridge,
          aquarium_subvault_wall], aquarium_window_fake, aquarium_window_double,
          aquarium_window_fake, aquarium_view_4, uniq_harold, uniq_erica,
          uniq_maggie
D:10:     layout_roguey
D:11:     layout_rooms, lair_entry_dummy, hiddenorc1_lemuel,
          gauntlet_entry_generic, uniq_nergalle
D:12:     layout_gridville
D:13:     layout_basic, uniq_sonja
D:14:     layout_long_grid, ximxim_vaults_locker_room,
          muffindrake_ghost_dual_entry, minivault_25_ag
D:15:     hangedman_depths_entry_try_elsewhere_first, layout_basic,
          solitary_fountain, trove_entry_hex_spiral, lemuel_flamethrower_2
Lair:1:   layout_regular_city, serial_bayou_shore_a
Lair:2:   layout_layer_cave, nicolae_swamp_entry_splash_gauntlet,
          minmay_lair_oklob_items, serial_bayou_pond_b, st_stairs_11
Lair:3:   layout_cave_pods, lemuel_fruit_tree, infiniplex_staircase_pool
Lair:4:   layout_gridlike, guppyfry_snake_entry_island
Lair:5:   layout_roguey, serial_bayou_crossing
Lair:6:   minmay_lair_end_frog_pond, layout_long_grid, slime_altar_1
Swamp:1:  layout_basic_swamp, hangedman_swamp_diagram
Swamp:2:  layout_basic_swamp, evilmike_swamp_ruin_rubble_2,
          nicolae_swamp_stair_fork, swamp_pool3, hangedman_swamp_ravenous
Swamp:3:  layout_basic_swamp, nicolae_swamp_fairy_circle
Swamp:4:  grunt_swamp_rune_castle, layout_basic_swamp, swamp_pool1
Snake:1:  layout_chambers, serial_shops, nicolae_shop_stone, minmay_shop_grove,
          uniq_aizul, uniq_agnes, uniq_jorgrun
Snake:2:  layout_layer_cave, drop_trap, st_stairs_2, grunt_ministairs_15,
          hangedman_snake_sidewinding, grunt_megastairs_4, uniq_frances,
          uniq_vashnia, uniq_louise
Orc:1:    layout_caves, serial_shops, nicolae_shop_window_shopping,
          enter_bailey_3, basic_altar
Orc:2:    grunt_orc_gardens, layout_diamond_mine, grunt_orc_garden,
          grunt_orc_garden, grunt_orc_garden, grunt_orc_garden, basic_altar
Abyss:3:  base: Orc:1, evilmike_abyss_exit_10, nicolae_abyss_rune_left_handed

Skill      XL: |  1  2  3  4  5  6  7  8  9 10 11 12 13 14 15 16 17 18 |
---------------+-------------------------------------------------------+-----
Invocations    | 1 2 3 4 5 6 7 8 9 10 11 12 13 | 13.0
Short Blades   | 1 2 3 4 5 6 7 8 9 10 11 12 | 12.0
Axes           | 1 2 3 4 5 6 7 8 9 10 11 12 | 12.0
Polearms       | 1 2 3 4 5 6 7 8 9 10 11 12 | 12.0
Staves         | 1 2 3 4 5 6 7 8 9 10 11 12 | 12.0
Slings         | 1 2 3 4 5 6 7 8 9 10 11 12 | 12.0
Bows           | 1 2 3 4 5 6 7 8 9 10 11 12 | 12.0
Crossbows      | 1 2 3 4 5 6 7 8 9 10 11 12 | 12.0
Armour         | 1 2 3 4 5 6 7 8 9 10 11 12 | 12.0
Dodging        | 1 2 3 4 5 6 7 8 9 10 11 12 | 12.0
Stealth        | 1 2 3 4 5 6 7 8 9 10 11 12 | 12.0
Unarmed Combat | 1 2 3 4 5 6 7 8 9 10 11 12 | 12.0
Spellcasting   | 1 2 3 4 5 6 7 8 9 10 11 12 | 12.0
Evocations     | 1 2 3 4 5 6 7 8 9 10 11 12 | 12.0
Conjurations   | 1 2 3 4 5 6 7 8 9 10 | 10.3
Hexes          | 1 2 3 4 5 6 7 8 9 10 | 10.3
Summonings     | 1 2 3 4 5 6 7 8 9 10 | 10.3
Necromancy     | 1 2 3 4 5 6 7 8 9 10 | 10.3
Translocations | 1 2 3 4 5 6 7 8 9 10 | 10.3
Transmutations | 1 2 3 4 5 6 7 8 9 10 | 10.3
Fire Magic     | 1 2 3 4 5 6 7 8 9 10 | 10.3
Ice Magic      | 1 2 3 4 5 6 7 8 9 10 | 10.3
Air Magic      | 1 2 3 4 5 6 7 8 9 10 | 10.3
Earth Magic    | 1 2 3 4 5 6 7 8 9 10 | 10.3
Poison Magic   | 1 2 3 4 5 6 7 8 9 10 | 10.3
Throwing       | 3 4 5 6 7 8 9 10 11 12 | 12.3
Shields        | 3 4 5 6 7 8 9 10 11 12 | 12.3
Long Blades    | 5 6 7 8 9 10 11 12 | 12.8
Maces & Flails | 5 6 7 8 9 10 11 12 | 12.8
Fighting       | 9 10 11 12 13 14 | 14.2

Action                   |  1- 3 |  4- 6 |  7- 9 | 10-12 | 13-15 | 16-18 || total
-------------------------+-------+-------+-------+-------+-------+-------++-------
Melee: Mace              |    53 |   101 |   201 |       |       |       ||   355
       Bite              |     4 |    11 |    46 |    84 |   231 |   190 ||   566
       Punch             |       |     3 |     2 |    11 |    82 |       ||    98
       Falchion          |       |       |   125 |   171 |       |       ||   296
       Scimitar          |       |       |       |   313 |   759 |       ||  1072
       Dire flail        |       |       |       |       |    19 |       ||    19
       Lance             |       |       |       |       |   477 |  1326 ||  1803
Throw: Dart              |       |       |       |     2 |       |       ||     2
 Cast: Poisonous Vapours |       |       |       |       |       |     2 ||     2
       Ignite Poison     |       |       |       |       |       |     1 ||     1
Invok: Lesser Servant of |       |       |       |     7 |     4 |    17 ||    28
       Greater Servant o |       |       |       |       |       |     2 ||     2
Evoke: Wand              |       |       |     1 |     8 |     4 |     2 ||    15
       Box of beasts     |       |       |       |       |       |     1 ||     1
  Use: Scroll            |     5 |     5 |     6 |    13 |     8 |     5 ||    42
       Potion            |       |     1 |       |     6 |       |    17 ||    24
 Stab: Distracted        |       |       |       |     1 |     3 |     9 ||    13
       Sleeping          |       |       |       |       |     1 |     4 ||     5
       Confused          |       |       |       |       |       |     2 ||     2
Armor: Ring mail         |    12 |       |       |       |       |       ||    12
       Chain mail        |    15 |    55 |   346 |   304 |   630 |   585 ||  1935
Dodge: Dodged            |    15 |    32 |   237 |   278 |   739 |   601 ||  1902
Block: Other             |       |       |       |       |   209 |       ||   209
       Reflection        |       |       |       |       |    19 |    27 ||    46
       Buckler           |       |       |       |       |   103 |   612 ||   715
       Rpst.: Falchion   |       |       |    25 |    25 |       |       ||    50
       Scimitar          |       |       |       |    44 |   151 |       ||   195
